[Event "Late-Titled-Tuesday-Blitz-February-20-2024"]
[Site "Chess.com"]
[Date "2024.02.20"]
[Round "5"]
[White "pfalcon1949"]
[Black "Hui_Li_Macau"]
[Result "0-1"]
[WhiteElo "1996"]
[BlackElo "2345"]
[TimeControl "180+1"]
[EndTime "14:56:19 PST"]
[Termination "Hui_Li_Macau won by checkmate"]

1. e4 e5 2. Nf3 Nf6 3. Nc3 Nc6 4.
Nxe5 Nxe5 5. d4 Nc6 6. d5 Ne5 7. f4 Ng6 8. e5 Ng8 9. Qe2 Bb4 10.
f5 N6e7 11. Bg5 d6 12. f6 Bxc3+ 13. bxc3 h6 14. fxe7 Nxe7 15. Bh4 dxe5 16. c4 f6 17. Qh5+ Kf8 18. Bd3 Qe8 19. Qf3 Qd7 20. O-O Qg4 21. Bxf6 Qxf3 22. Bxe7+ Kxe7 23. Rxf3 Rf8 24. Raf1 Bd7 25.
Rxf8 Rxf8 26. Re1 Kd6 27. h3 b6 28. Rf1 Rxf1+ 29. Kxf1 Kc5 30. Ke2 a6 31. c3 Be8 32.
Ke3 Bd7 33. g4 g5 34. Be2 Be8 35. Ke4 Bg6+ 36. Kxe5 Bb1 37. a3 Ba2 38. Ke6 Bxc4 39. Bxc4 Kxc4 40. Kd7 Kxd5 41. Kxc7 Kc5 42. c4 a5 43. a4 Kxc4 44. Kxb6 Kb4 45. Kc6 Kxa4 46. Kd5 Kb4 47. Ke6 a4 48. Kf6 a3 49. Kg6 a2 50. Kxh6 a1=Q 51. Kxg5 Qg7+ 52. Kh4 Qh6+ 53. Kg3 Kc3 54. h4 Kd4 55. g5 Qh5 56. Kh3 Ke4 57. Kg3 Kf5 58. g6 Qxg6+ 59. Kh3 Kf4 60. h5 Qg3# 0-1

[Event "Late-Titled-Tuesday-Blitz-February-20-2024"]
[Site "Chess.com"]
[Date "2024.02.20"]
[Round "5"]
[White "AlexeiShirov"]
[Black "ozates"]
[Result "1/2-1/2"]
[WhiteElo "2841"]
[BlackElo "2603"]
[TimeControl "180+1"]
[EndTime "14:56:21 PST"]
[Termination "Game drawn by repetition"]

1. e4 c5 2. Nf3 Nc6 3. d4 cxd4 4. Nxd4 e5 5. Nb5 d6 6. c4 Be6 7. b3 a6 8. N5c3 g6 9. Nd5 Bg7 10. Nbc3 Nge7 11. Bg5 O-O 12. Be2 Rb8 13. O-O h6 14.
Be3 f5 15. Bb6 Qd7 16. Qd3 Nd4 17. Rad1 Nec6 18. Rfe1 f4 19. f3 g5 20. Bf1 g4 21.
Ne2 gxf3 22. gxf3 Kh8 23. Kh1 Qf7 24. Bg2 Rg8 25. Rg1 Rbf8 26. Bxd4 Nxd4 27. Nxd4 exd4 28.
Bf1 Be5 29. Rd2 Rxg1+ 30. Kxg1 Qh5 31. Kh1 Qh4 32. Rg2 Bh3 33. Rg1 Be6 34. a4 Rg8 35.
Rxg8+ Bxg8 36. Qd2 Be6 37. b4 Bh3 38. Bxh3 Qxh3 39.
Qg2 Qh4 40. Qf1 Kh7 41. b5 axb5 42. cxb5 Qd8 43. Qh3 Qa5 44. Qd7+ Kh8 45. Qe8+ Kh7 46. Qf7+ Kh8 47. Qe8+ Kh7 48. Qd7+ Kh8 49. Qc8+ Kh7 50. Qxb7+ Kg6 51. Qd7 Qe1+ 52. Kg2 Qe2+ 53. Kg1 Qe1+ 54.
Kg2 Qe2+ 55. Kg1 Qe1+ 56. Kg2 1/2-1/2

[Event "Late-Titled-Tuesday-Blitz-February-20-2024"]
[Site "Chess.com"]
[Date "2024.02.20"]
[Round "5"]
[White "campochess"]
[Black "Bilan_Danila"]
[Result "0-1"]
[WhiteElo "2166"]
[BlackElo "2466"]
[TimeControl "180+1"]
[EndTime "14:56:22 PST"]
[Termination "Bilan_Danila won on time"]

1. Nf3 d5 2. b3 Nf6 3. Bb2 c5 4. e3 Nc6 5. Bb5 Qb6 6. a4 g6 7. Nc3 e6 8. Ne5 Bg7 9. a5 Qc7 10. Nxc6 bxc6 11. Be2 O-O 12. O-O e5 13. Ra4 e4 14. h3 Nd7 15. Qa1 Ne5 16. Nd1 f5 17. b4 c4 18. Bd4 f4 19. exf4 Rxf4 20. Ne3 Bd7 21. Ra2 Raf8 22. b5 c5 23. Nxd5 Qd6 24. Bxe5 Bxe5 25. Nc3 Bd4 26. Bxc4+ Be6 27. Bxe6+ Qxe6 28. Ra4 Bxf2+ 29. Kh1 Bd4 30. Rxf4 Rxf4 31. Qe1 Qf6 32.
Ra1 Kg7 33. b6 axb6 34. axb6 Qxb6 35. Nxe4 Qe6 36. d3 Qf7 37. c3 Be5 38. Qe2 Bc7 39. Re1 Rf5 40. Qe3 Qd5 41. c4 Qe5 42. g3 h5 43. Rg1 Qe6 44. Qd2 Re5 0-1

[Event "Late-Titled-Tuesday-Blitz-February-20-2024"]
[Site "Chess.com"]
[Date "2024.02.20"]
[Round "5"]
[White "Zkid"]
[Black "Grischuk"]
[Result "1-0"]
[WhiteElo "2939"]
[BlackElo "3068"]
[TimeControl "180+1"]
[EndTime "14:56:23 PST"]
[Termination "Zkid won on time"]

1. e4 e5 2. Nf3 Nc6 3. Bb5 a6 4. Ba4 Nf6 5. O-O Be7 6. Re1 b5 7. Bb3 d6 8. c3 O-O 9. h3 Nb8 10. d4 Nbd7 11. Nbd2 Bb7 12. Bc2 Re8 13. Nf1 Bf8 14. Ng3 g6 15. Bd2 Bg7 16. Qc1 Rb8 17. a4 c5 18. d5 c4 19. Be3 Qc7 20. Ra3 Nc5 21. Qd2 Bc8 22. axb5 axb5 23. Rea1 Bd7 24.
Ra7 Rb7 25. Bxc5 dxc5 26. R7a6 Rb6 27. Ra7 Rb7 28. R7a6 Rb6 29. Ra7 Qd6 30. Nf1 Reb8 31. Qg5 Nh5 32. N1h2 h6 33. Qe3 Nf4 34. h4 R8b7 35.
g3 Nh5 36. Rxb7 Rxb7 37. Ra8+ Kh7 38. Qc1 Nf6 39. Qa1 b4 40. Nd2 Bb5 41. Nhf1 Ng4 42.
Bd1 h5 43. Bxg4 hxg4 44. Ne3 Bh6 45. Ndxc4 Bxc4 46. Nxc4 Qf6 47. Qa6 Qxa6 48. Rxa6 bxc3 49. bxc3 Rb3 50. Nxe5 Rxc3 51. Nxf7 Bg7 52. Ng5+ Kh6 53.
Ra7 Rd3 54. d6 c4 55. d7 c3 56. d8=Q 1-0

[Event "Late-Titled-Tuesday-Blitz-February-20-2024"]
[Site "Chess.com"]
[Date "2024.02.20"]
[Round "5"]
[White "MusicCityMaster"]
[Black "jamengrand"]
[Result "1-0"]
[WhiteElo "2551"]
[BlackElo "2343"]
[TimeControl "180+1"]
[EndTime "14:56:25 PST"]
[Termination "MusicCityMaster won on time"]

1. d4 d5 2. c4 e6 3. Nf3 Nf6 4. Bg5 Be7 5. e3 b6 6. cxd5 Nxd5 7. Bxe7 Qxe7 8. Nc3 Nxc3 9. bxc3 O-O 10. Bd3 Bb7 11.
O-O c5 12. Qe2 Nd7 13. a4 e5 14. e4 cxd4 15. cxd4 exd4 16. Nxd4 g6 17. Rfe1 Rad8 18.
Bb5 Nc5 19. Nc6 Bxc6 20. Bxc6 Rd6 21. Bd5 Re8 22. Qc4 Kg7 23. a5 Qe5 24. axb6 axb6 25. h3 Re7 26. Rab1 Rf6 27. Re2 h5 28. Rbe1 h4 29.
Qb5 Ra7 30. Qc4 Ra3 31. Ra2 Rc3 32. Qe2 Rf4 33. Ra7 Qg5 34. Rf1 Rxh3 35. e5 Rd3 36.
Bc4 Rxc4 37. e6 Re4 38. Rxf7+ Kh6 39. Qb2 Qe5 40. Qc1+ g5 41. e7 Rd5 42. Qb1 Nd3 43. Qxb6+ Qe6 44. Rf6+ Qxf6 45. Qxf6+ Kh5 46. Qf7+ Kh6 47.
e8=Q Rxe8 48. Qxe8 Nf4 49. Qf8+ Kg6 50. Qe8+ Kh6 51. Qe4 Kg7 52. Rb1 Rd7 53. Qe5+ Kh6 54. Rb6+ Kh5 55. Qf5 Rd1+ 56. Kh2 1-0

[Event "Late-Titled-Tuesday-Blitz-February-20-2024"]
[Site "Chess.com"]
[Date "2024.02.20"]
[Round "5"]
[White "jsdbv18"]
[Black "David_George21"]
[Result "1-0"]
[WhiteElo "2624"]
[BlackElo "2391"]
[TimeControl "180+1"]
[EndTime "14:56:28 PST"]
[Termination "jsdbv18 won on time"]

1. d4 Nf6 2. Nf3 e6 3. Bg5 c5 4. e3 d5 5. Nbd2 Nc6 6. c3 Be7 7. Bd3 O-O 8. O-O h6 9. Bh4 Qc7 10. Bg3 Bd6 11. dxc5 Bxg3 12. hxg3 a5 13. a4 Nd7 14.
Nb3 e5 15. Bb5 Ne7 16. Bxd7 Bxd7 17. Qc2 Bf5 18. Qd1 Be6 19. Re1 f5 20. Nfd2 Rac8 21. Qe2 Nc6 22. Qb5 Bd7 23. Qb6 Qxb6 24. cxb6 Ra8 25. Nc5 Bc8 26. Nf3 Rf6 27. Red1 Rd6 28. Rab1 Kf7 29. b4 Kf6 30. Nd2 Ke7 31. Nd3 axb4 32.
cxb4 Rxa4 33. b5 Ra3 34. bxc6 Rxd3 35. c7 Rc6 36. Kf1 Ke6 37. Ke2 Ra3 38. Rdc1 Rxc1 39.
Rxc1 Ra6 40. Rb1 Kd6 41. Rb2 Kc6 42. Nf3 Kd6 43. Kd2 g5 44. Kc3 g4 45. Nh4 Ra3+ 46.
Kd2 Ra6 47. Ng6 Ke6 48. Ke2 Kf6 49. Nh4 Kg5 50. Kd2 Kf6 51. Kc3 Ra3+ 52. Kb4 Ra6 53. Kb5 Bd7+ 54. Kc5 Bc8 55. Kd6 Ra5 56. Rb4 1-0

[Event "Late-Titled-Tuesday-Blitz-February-20-2024"]
[Site "Chess.com"]
[Date "2024.02.20"]
[Round "5"]
[White "MrKGG1"]
[Black "Stalri"]
[Result "1-0"]
[WhiteElo "2593"]
[BlackElo "2404"]
[TimeControl "180+1"]
[EndTime "14:56:28 PST"]
[Termination "MrKGG1 won on time"]

1. e4 Nc6 2. d4 d5 3. Nc3 dxe4 4.
d5 Nb8 5. Nxe4 c6 6. Nc3 cxd5 7.
Qxd5 Nf6 8. Qxd8+ Kxd8 9. Nf3 Nc6 10. Ng5 Be6 11. Bf4 a6 12. O-O-O+ Ke8 13. Nxe6 fxe6 14. Bc4 Kf7 15. Rhe1 h6 16. Bxe6+ Kg6 17. Nd5 Kh7 18. Nb6 Ra7 19. Be3 a5 20. a4 Nb4 21. c3 Nc6 22.
Bc5 Ra6 23. Bc8 Ra7 24. Be6 g6 25. f3 Kg7 26. Nd7 Ra8 27. Nxf6 Kxf6 28. Rd7 Rb8 29.
Bd5 e5 30. Rf7+ Kg5 31. Be3+ Kh5 32. Be4 Nd8 33. Rf6 Rg8 34. Rd1 Be7 35. g4+ Kh4 36.
Rxg6 Rxg6 37. Bxg6 Bg5 38. Bxg5+ hxg5 39. Bf5 Nc6 40.
Rd7 Rh8 41. Rxb7 Kh3 42. Be4 Nd8 43. Rb8 Kxh2 44. b4 axb4 45. cxb4 Kg3 46. a5 Rh1+ 47. Kb2 Ne6 48. a6 Rh2+ 49. Ka3 Nd4 50. a7 Rh1 51. a8=Q Ra1+ 52. Kb2 Rg1 53. b5 Rg2+ 54. Kc3 1-0

[Event "Late-Titled-Tuesday-Blitz-February-20-2024"]
[Site "Chess.com"]
[Date "2024.02.20"]
[Round "5"]
[White "IndianSchoolOfSuffering"]
[Black "Navyblue1"]
[Result "1-0"]
[WhiteElo "2430"]
[BlackElo "2196"]
[TimeControl "180+1"]
[EndTime "14:56:28 PST"]
[Termination "IndianSchoolOfSuffering won on time"]

1. d4 Nf6 2. c4 g6 3. Nc3 Bg7 4. e4 d6 5. Nf3 Nbd7 6. Be2 O-O 7. O-O e5 8. Re1 exd4 9. Nxd4 c6 10. Bf1 Re8 11. f3 a5 12. Be3 Nc5 13. Nb3 Ne6 14.
Qd2 a4 15. Nd4 Nc5 16. Rad1 Qe7 17. Nc2 Be6 18. Qxd6 Qxd6 19. Rxd6 Ncd7 20. Red1 Bf8 21. R6d2 Ne5 22. Bd4 Nfd7 23. b3 axb3 24. axb3 f6 25. Ne3 Ra3 26. Rb1 Rea8 27. f4 Ng4 28. Nxg4 Bxg4 29.
h3 Be6 30. g4 Bb4 31. f5 Bf7 32. Rd3 c5 33. Bf2 Ne5 34. Rg3 g5 35. Nd5 Bxd5 36. cxd5 Kf8 37. Rc1 R3a5 38. Kg2 Ke7 39. Bc4 Kd6 40.
Be1 b5 41. Bxb4 cxb4 42. Bf1 Ra2+ 43. Kg1 R8a3 44. Bxb5 Rb2 45. Bf1 Rbxb3 46. Rxb3 Rxb3 47. Ra1 Rc3 48. Ra6+ Kc5 49. Rxf6 Rg3+ 50. Kf2 Ra3 51. Re6 Ra2+ 52. Be2 Nd3+ 53. Ke3 Rxe2+ 54. Kxe2 Nf4+ 55. Kd2 Nxe6 56. dxe6 Kd6 57. Kd3 h6 58. Kc4 1-0

[Event "Late-Titled-Tuesday-Blitz-February-20-2024"]
[Site "Chess.com"]
[Date "2024.02.20"]
[Round "5"]
[White "Polish_fighter3000"]
[Black "dedpihto_v_kozhanom_palto"]
[Result "1-0"]
[WhiteElo "3059"]
[BlackElo "2690"]
[TimeControl "180+1"]
[EndTime "14:56:30 PST"]
[Termination "Polish_fighter3000 won on time"]

1. c3 g6 2. e4 Bg7 3. d4 d6 4.
Nf3 Nc6 5. Bb5 a6 6. Bxc6+ bxc6 7.
O-O Nf6 8. Re1 O-O 9. Nbd2 Nd7 10. Nc4 c5 11. Na5 cxd4 12. Nc6 Qe8 13. cxd4 Bb7 14. Na5 Rb8 15. Qe2 c5 16. d5 Qd8 17. Nxb7 Rxb7 18. Qxa6 Qa8 19. Qxa8 Rxa8 20. Re2 Rab8 21. Rb1 c4 22. a3 Rb3 23. Nd2 Rd3 24. Kf1 c3 25. bxc3 Bxc3 26. Rxb8+ Nxb8 27. Re3 Rxe3 28. fxe3 Na6 29.
Nb3 Kg7 30. Ke2 Kf6 31. Bd2 Be5 32. h3 Kg5 33. Be1 h5 34. a4 Kf6 35. a5 g5 36. Kd3 e6 37. Kc4 Nc7 38. Nd4 Bxd4 39. exd4 exd5+ 40. exd5 Ke7 41. Bd2 f6 42. g3 Kf7 43. h4 gxh4 44. gxh4 Ke7 45. Bh6 Kf7 46. Be3 Ke7 47. Bf4 Kd7 48. Bg3 Ke7 49. Be1 Kd7 50.
Kd3 Ke7 51. Ke4 Kd7 52. Bg3 Ke7 53. Kf5 Nxd5 54. a6 1-0

[Event "Late-Titled-Tuesday-Blitz-February-20-2024"]
[Site "Chess.com"]
[Date "2024.02.20"]
[Round "5"]
[White "NoHeThTo"]
[Black "Beca95"]
[Result "1-0"]
[WhiteElo "2628"]
[BlackElo "2892"]
[TimeControl "180+1"]
[EndTime "14:56:30 PST"]
[Termination "NoHeThTo won on time"]

1. c4 e5 2. Nc3 Bb4 3. Nd5 Be7 4. g3 c6 5. Nxe7 Nxe7 6. Bg2 d5 7. Nf3 f6 8. cxd5 cxd5 9. O-O Nbc6 10. d3 Be6 11. Rb1 Qd7 12. b4 Rc8 13. b5 Nd8 14. Ba3 Nf7 15. Qa4 b6 16. Qb4 d4 17. Rfc1 Nd5 18.
Rxc8+ Qxc8 19. Qa4 Qd7 20. Rc1 Nd8 21. Nxd4 exd4 22.
Qxd4 Ne7 23. Qb4 Nd5 24. Qd4 Qxb5 25. e4 Ne7 26. Rc7 O-O 27. Bxe7 Qb1+ 28. Bf1 Bh3 29. Qc4+ Ne6 30. Qc1 Qxc1 31. Rxc1 Re8 32. Bxh3 Rxe7 33. Bxe6+ Rxe6 34. Kf1 Re7 35. Ke2 Kf7 36. Ke3 Kg6 37. f4 h5 38. d4 Rd7 39. d5 f5 40. Rc6+ Kf7 41. Kd4 fxe4 42. Kxe4 Re7+ 43. Kd4 Rd7 44. Ke5 Re7+ 45. Kd4 Rd7 46. f5 Ke7 47. Re6+ Kd8 48.
Ke5 Rc7 49. Rd6+ Ke7 50. Re6+ Kd8 51. h3 Rc2 52. Rg6 Rc7 53. g4 b5 54. d6 Rb7 55. gxh5 b4 56. Ke6 1-0

[Event "Late-Titled-Tuesday-Blitz-February-20-2024"]
[Site "Chess.com"]
[Date "2024.02.20"]
[Round "5"]
[White "SnekkerAndersen"]
[Black "jcibarra"]
[Result "0-1"]
[WhiteElo "2629"]
[BlackElo "2924"]
[TimeControl "180+1"]
[EndTime "14:56:32 PST"]
[Termination "jcibarra won by checkmate"]

1. d4 Nf6 2. c4 d6 3. Nf3 g6 4. Nc3 Bf5 5. g3 Ne4 6. Bd2 Bg7 7. Bg2 c5 8. d5 Nxc3 9. Bxc3 Bxc3+ 10. bxc3 Be4 11. O-O Nd7 12. Bh3 Bxf3 13. exf3 O-O 14.
f4 Nf6 15. Re1 Re8 16. Qd2 Qa5 17. g4 b5 18. g5 Nh5 19. Bd7 Red8 20. Bc6 Rab8 21.
cxb5 Qa4 22. Rxe7 Nxf4 23. Kh1 Nh3 24. f3 Qh4 25. Rae1 Nxg5 26. Qg2 Nh3 27. Qg3 Qh6 28.
Be8 Kh8 29. Bxf7 Nf4 30. Be6 Rf8 31. Re4 Nh5 32. Qg4 Qc1+ 33. Qg1 Qxc3 34. Bg4 Nf6 35.
Re3 Qd4 36. Rxa7 Rxb5 37. Ree7 Qxd5 38. Qa1 Qd4 39. Qxd4 cxd4 40. Ra4 Rd5 41. Be6 Re5 42. Rxd4 Ng8 43. Bxg8 Rxe7 44. Bd5 Re2 45. Be4 Rc8 46. Rd1 Rxa2 47. Kg1 Rb2 48. h4 Kg7 49. h5 g5 50.
Ra1 h6 51. Kf1 Kf6 52. Kg1 Ke5 53. Rd1 Kf4 54. Bd5 Kg3 55. Kh1 Rcc2 56. Kg1 Rg2+ 57. Kh1 Rh2+ 58. Kg1 Rbg2+ 59. Kf1 Rh1# 0-1

[Event "Late-Titled-Tuesday-Blitz-February-20-2024"]
[Site "Chess.com"]
[Date "2024.02.20"]
[Round "5"]
[White "DarkAlekhine"]
[Black "pooh2012"]
[Result "1-0"]
[WhiteElo "2837"]
[BlackElo "2568"]
[TimeControl "180+1"]
[EndTime "14:56:36 PST"]
[Termination "DarkAlekhine won by resignation"]

1. d4 Nf6 2. Bf4 e6 3. e3 b6 4. Nf3 Bb7 5. h3 Be7 6. Bd3 c5 7. O-O O-O 8. Nbd2 cxd4 9. exd4 d6 10. Bh2 Nc6 11. c3 Qc7 12. Re1 Rad8 13. Qe2 Rfe8 14. Nc4 Qb8 15. a4 Bf8 16. Qc2 g6 17. Qb3 Na5 18. Nxa5 Bxf3 19. gxf3 bxa5 20. Qxb8 Rxb8 21.
Re2 Rb6 22. Bf4 Reb8 23. Bc1 h5 24. Rc2 Kh7 25. Kg2 Bh6 26. f4 Nd5 27. Kf3 Rc8 28. Bd2 Rcb8 29. Ra2 Kg7 30. Be4 Nf6 31. Bd3 Nd5 32.
Be4 Nf6 33. b4 d5 34. Bd3 Ne8 35. b5 Nd6 36. Bc1 Kg8 37. Ba3 Bf8 38. Bc5 R6b7 39. Ra1 Nc4 40. Bxc4 dxc4 41. Re1 Rd7 42. Bxf8 Kxf8 43. Re5 Rc8 44. Rce2 Rd6 45. Rc5 Rdd8 46. Ree5 Ke7 47. Rxc8 Rxc8 48. Rc5 Kd7 49. Ke4 f6 50. Ke3 Re8 51. Rxc4 Kd6 52. Rc5 Rb8 53. Rc6+ Kd7 54.
Ra6 Rb7 55. Rxa5 Rc7 56. Kd3 Kd6 57. Ra6+ Kd7 58. c4 Ke7 59. c5 Rd7 60. Kc4 1-0

[Event "Late-Titled-Tuesday-Blitz-February-20-2024"]
[Site "Chess.com"]
[Date "2024.02.20"]
[Round "5"]
[White "akanga001"]
[Black "ExchangeAB"]
[Result "0-1"]
[WhiteElo "2034"]
[BlackElo "2451"]
[TimeControl "180+1"]
[EndTime "14:56:36 PST"]
[Termination "ExchangeAB won on time"]

1. d4 d5 2. c4 c6 3. e3 Nf6 4.
Nf3 Bf5 5. Nh4 Bg4 6. f3 Bh5 7. g4 Bg6 8. Nc3 e6 9. Nxg6 hxg6 10. Bd3 Qc7 11. f4 Nbd7 12. cxd5 Nxd5 13. Nxd5 exd5 14. O-O Bd6 15. g5 O-O-O 16. Bd2 f6 17. gxf6 Nxf6 18. Bxg6 Rh6 19. Bd3 Rdh8 20. Rf2 Qd7 21. Be2 Kb8 22. Rg2 Ne4 23. Be1 g5 24. Bf3 gxf4 25. Bg4 Qf7 26.
h3 fxe3 27. Qe2 Rxh3 28. Bxh3 Rxh3 29. Qg4 Rh8 30. Qg7 Qh5 31. Kf1 e2+ 32. Rxe2 Qh1+ 33. Qg1 Rf8+ 34. Bf2 Ng3+ 35. Ke1 Qxg1+ 36. Bxg1 Nxe2 37. Kxe2 Re8+ 38. Kd3 Kc7 39. a3 b6 40.
Rf1 Re7 41. Rf6 c5 42. dxc5 bxc5 43. Be3 Rh7 44. b4 cxb4 45. axb4 Bxb4 46. Bxa7 Bd6 47. Bb6+ Kc6 48. Be3 Rh3 49. Kd2 Rh2+ 50. Kd3 Rh4 51. Ke2 Re4 52. Kf3 Kd7 0-1

[Event "Late-Titled-Tuesday-Blitz-February-20-2024"]
[Site "Chess.com"]
[Date "2024.02.20"]
[Round "5"]
[White "TheMagician"]
[Black "WPWPWP-2015"]
[Result "1-0"]
[WhiteElo "2214"]
[BlackElo "2418"]
[TimeControl "180+1"]
[EndTime "14:56:36 PST"]
[Termination "TheMagician won by checkmate"]

1. d4 Nf6 2. c4 e6 3. Nf3 Be7 4. g3 O-O 5. Bg2 Qe8 6. O-O d6 7. Nc3 Qd8 8. e4 Nbd7 9. Re1 Ne8 10. h3 c6 11. Nd2 a5 12. f4 e5 13. d5 Bf6 14. f5 Bg5 15. Nf3 Bxc1 16. Qxc1 Nc5 17. Qe3 Qe7 18. g4 h6 19. Rad1 Nc7 20. Re2 cxd5 21.
Nxd5 Nxd5 22. Rxd5 b6 23. Red2 Bb7 24. h4 Bxd5 25.
Rxd5 Kh7 26. g5 h5 27. g6+ fxg6 28. Ng5+ Kg8 29. Qe2 Nd7 30. Bh3 Nf6 31. fxg6 Rfc8 32. Be6+ Kf8 33. b3 a4 34. b4 b5 35. Rxb5 Rcb8 36.
Rxb8+ Rxb8 37. b5 Qa7+ 38. Qf2 Qxf2+ 39. Kxf2 Ke7 40. Bf5 Nd7 41. Bxd7 Kxd7 42. Ke3 Rc8 43. Kd3 Rh8 44. Nf7 Re8 45. Kc3 Re6 46. Nh8 Rf6 47.
Kb4 Rf4 48. b6 Kc6 49. Ka5 Rxe4 50. Nf7 Rxc4 51. Nd8+ Kd7 52. b7 Rc5+ 53. Ka6 Kxd8 54. b8=Q+ Ke7 55. Qg8 Kf6 56. Qf7# 1-0

[Event "Late-Titled-Tuesday-Blitz-February-20-2024"]
[Site "Chess.com"]
[Date "2024.02.20"]
[Round "5"]
[White "NowInChess"]
[Black "toninhojit"]
[Result "0-1"]
[WhiteElo "2280"]
[BlackElo "2458"]
[TimeControl "180+1"]
[EndTime "14:56:37 PST"]
[Termination "toninhojit won on time"]

1. e4 c5 2. d3 Nc6 3. g3 g6 4.
Bg2 Bg7 5. f4 d6 6. Nf3 Nf6 7.
O-O O-O 8. Nc3 Ne8 9. h3 Nc7 10. g4 Ne6 11. Nd5 Ned4 12. c3 Nxf3+ 13. Qxf3 e6 14.
Ne3 f5 15. exf5 gxf5 16. gxf5 exf5 17. Bd2 Kh8 18. Rae1 Be6 19. Nd5 Bg8 20. Qh5 Qd7 21. Kh2 Rae8 22. Rg1 Qf7 23. Qf3 Rxe1 24. Rxe1 Re8 25.
Qf2 Qh5 26. Rxe8 Qxe8 27. Qe1 Qxe1 28. Bxe1 Bf7 29. Bh4 Kg8 30. Ne7+ Nxe7 31. Bxe7 Bf8 32.
Bxf8 Kxf8 33. Bxb7 Bxa2 34. Bc8 Bb1 35. Bxf5 c4 36.
Bg4 cxd3 37. Kg3 Bc2 38. Bf5 Bb1 39. Bg4 Ke7 40. Kf2 Kf6 41. Ke3 Kg6 42. Bf3 Kf6 43.
Bc6 h5 44. Bb5 h4 45. Bxd3 Ba2 46. b4 Be6 47. Bf1 Bf5 48. Kd4 Ke6 49. c4 Bc2 50. c5 dxc5+ 51. bxc5 Ba4 52. Bd3 Kf6 53. Kd5 Bd7 54. Bf1 Kf5 55. c6 Bc8 56. Kd6 Kxf4 57. Kc7 Bf5 58. Kd8 a5 59. c7 a4 60. Bb5 a3 61.
Bd7 Bxd7 62. Kxd7 a2 63. c8=Q a1=Q 64. Qf8+ Kg3 65. Qf5 Qd4+ 66. Ke6 Qf4 67. Qd3+ Kh2 68. Qe2+ Kxh3 69. Kd5 Kg3 70. Qe1+ Qf2 71. Qe5+ Qf4 0-1

[Event "Late-Titled-Tuesday-Blitz-February-20-2024"]
[Site "Chess.com"]
[Date "2024.02.20"]
[Round "5"]
[White "Rud_Makarian"]
[Black "vugarrasulov"]
[Result "1-0"]
[WhiteElo "3080"]
[BlackElo "2941"]
[TimeControl "180+1"]
[EndTime "14:56:39 PST"]
[Termination "Rud_Makarian won by resignation"]

1. d4 Nf6 2. c4 e6 3. Nf3 c5 4. d5 exd5 5. cxd5 d6 6. Nc3 g6 7. h3 Bg7 8. e4 O-O 9. Bd3 b5 10. Nxb5 Re8 11. Nd2 Nxd5 12. Nc4 Bf8 13. O-O Nb6 14.
Bf4 Nxc4 15. Bxc4 Be6 16. Bd5 Bxd5 17. Qxd5 Nd7 18. Nxd6 Bxd6 19. Qxd6 Rxe4 20. Rfd1 Qf6 21. Be3 Qxd6 22. Rxd6 Nb6 23. Bxc5 Nc4 24. Rd4 Rxd4 25. Bxd4 Rd8 26. Bc3 f5 27. Kf1 Kf7 28. Ke2 Nb6 29. Rd1 Rxd1 30. Kxd1 Ke6 31. Bd4 Nc8 32. Kc2 Kd5 33. Kd3 a6 34. b4 Nd6 35. a4 g5 36.
f3 h5 37. Bf6 g4 38. Ke3 gxh3 39. gxh3 Nc4+ 40. Kf4 Ke6 41. Bd4 Na3 42. Bc5 Nc4 43.
b5 a5 44. b6 Kd7 45. Kxf5 Kc6 46. Bd4 Kd5 47. Bc3 Nxb6 48. Bxa5 Nxa4 49. Kg6 Ke6 50. f4 Nc5 51. f5+ Kd7 52. f6 Ke6 53. f7 Nd7 54. Kg7 Kf5 55. Bd8 Kf4 56. h4 Kf5 57. Bg5 Ke6 58. f8=N+ Nxf8 59. Kxf8 Kf5 60.
Kg7 1-0

[Event "Late-Titled-Tuesday-Blitz-February-20-2024"]
[Site "Chess.com"]
[Date "2024.02.20"]
[Round "5"]
[White "koncheto"]
[Black "yaguigor"]
[Result "0-1"]
[WhiteElo "2411"]
[BlackElo "2633"]
[TimeControl "180+1"]
[EndTime "14:56:39 PST"]
[Termination "yaguigor won by resignation"]

1. e4 e5 2. Nf3 Nc6 3. Bc4 Bc5 4. c3 Nf6 5. d3 O-O 6. O-O d5 7. exd5 Nxd5 8. h3 Re8 9. Re1 Nb6 10. Bb5 f6 11. Nbd2 Bd7 12. Ne4 Bf8 13. Ng3 a6 14. Bxc6 Bxc6 15. Be3 Nd5 16. Qd2 Nxe3 17. Qxe3 Qd5 18. b3 Rad8 19. Rad1 Bc5 20. Qe4 Qd7 21. Qc4+ Qd5 22. Qg4 Qf7 23. Nf5 Kh8 24. d4 exd4 25. Rxe8+ Rxe8 26. N3xd4 Bd7 27. Qf4 Bc8 28. Nf3 g6 29.
Ng3 Bd6 30. Qh4 Kg7 31. Nf1 Qe6 32. Re1 Qf7 33. Ne3 Re7 34. Qd4 Be6 35. Rd1 h5 36. Ng5 Qe8 37. Nxe6+ Rxe6 38. Qd5 c6 39. Qf3 Qe7 40.
Rd3 Bc5 41. Qf4 Bxe3 42. Rxe3 Rxe3 43. Qxe3 Qxe3 44. fxe3 Kf7 45. e4 Ke6 46. Kf2 Ke5 47. Ke3 h4 48. Kf3 c5 49. Ke3 b5 50. a3 a5 51. b4 cxb4 52. cxb4 a4 53. Kd3 f5 54.
exf5 gxf5 55. Ke3 f4+ 56. Kf3 Kf5 57. Kf2 Ke4 58. Ke2 Kd4 59. Kf3 Kc3 60. Kg4 Kb3 61.
Kxh4 Kxa3 62. Kg4 Kxb4 63. h4 a3 64. h5 a2 65. h6 a1=Q 0-1

[Event "Late-Titled-Tuesday-Blitz-February-20-2024"]
[Site "Chess.com"]
[Date "2024.02.20"]
[Round "5"]
[White "azikom"]
[Black "DrVelja"]
[Result "0-1"]
[WhiteElo "2657"]
[BlackElo "2972"]
[TimeControl "180+1"]
[EndTime "14:56:41 PST"]
[Termination "DrVelja won by resignation"]

1. d4 Nf6 2. c4 g6 3. Nc3 Bg7 4.
e4 d6 5. f3 O-O 6. Bg5 c5 7. d5 e6 8. Qd2 exd5 9. cxd5 a6 10. a4 h6 11. Be3 Re8 12. Nge2 h5 13. Bg5 Nbd7 14. Nc1 Qe7 15. Be2 Qf8 16. O-O Nh7 17.
Bf4 Ne5 18. a5 f5 19. Nd3 Bd7 20. Nxe5 Bxe5 21. Bxe5 Rxe5 22. f4 Ree8 23. Bd3 fxe4 24. Nxe4 Bf5 25. Ng5 Nxg5 26. fxg5 Re5 27. Rae1 Rae8 28. Bxf5 gxf5 29. Rxe5 Rxe5 30. b4 Qf7 31. bxc5 Rxd5 32. Qb4 dxc5 33. Qb6 Kg7 34. Qh6+ Kg8 35. g6 Qe7 36. Qxh5 c4 37. Qf3 Qe4 38. Qc3 Rd6 39.
h3 Rxg6 40. Rf2 Rd6 41. Rc2 Qd4+ 42. Qxd4 Rxd4 43. Kf2 Kf7 44. Ke3 Re4+ 45. Kf3 Ke6 46. g4 Ke5 47. gxf5 Kxf5 48. Kg3 Re3+ 49. Kh4 c3 50.
Rf2+ Ke4 51. Kg4 Kd3 52. Rf7 c2 53. Rd7+ Ke2 54. Rc7 Kd2 55. Rd7+ Rd3 56. Rxb7 c1=Q 0-1

[Event "Late-Titled-Tuesday-Blitz-February-20-2024"]
[Site "Chess.com"]
[Date "2024.02.20"]
[Round "5"]
[White "ChessSkool"]
[Black "bipe137"]
[Result "0-1"]
[WhiteElo "2730"]
[BlackElo "2546"]
[TimeControl "180+1"]
[EndTime "14:56:41 PST"]
[Termination "bipe137 won by checkmate"]

1. d4 d5 2. Nf3 Nf6 3. c3 h6 4.
Bf4 c6 5. Qc2 g6 6. h3 Bf5 7.
Qb3 Qb6 8. g4 Bxb1 9. Rxb1 Nbd7 10. e3 e6 11. Bg2 Be7 12. O-O h5 13. g5 Ne4 14. h4 Bd6 15. Bxd6 Nxd6 16. Qc2 Nf5 17.
e4 dxe4 18. Qxe4 O-O 19. b4 Qc7 20. Rfc1 Rad8 21. a4 Nb6 22. Ne5 Nxa4 23. Ra1 Nb6 24. Rxa7 Ra8 25. Rca1 Rxa7 26. Rxa7 Nd5 27. c4 Nxb4 28.
Qb1 Nxd4 29. Nxg6 fxg6 30. Qxg6+ Kh8 31. Qxh5+ Kg8 32. Qg6+ Kh8 33. Be4 Ne2+ 34. Kh1 Nf4 35. Qh6+ Kg8 36. g6 Nh3 37. Bb1 Nxf2+ 38. Kg2 Ng4 39.
Qh7+ Qxh7 40. gxh7+ Kh8 41. Rxb7 Na6 42. Rb6 Nc5 43. Rxc6 Ne3+ 44. Kg3 Nd7 45. Rxe6 Nf1+ 46. Kg2 Nd2 47. Bd3 Nb3 48. Re7 Nbc5 49. Bc2 Nf6 50. Rc7 Ncd7 51. h5 Ne5 52. Bg6 Neg4 53.
Kg3 Ne3 54. Kh4 Nf1 55. Kg5 Ne3 56. Kh6 Nfg4+ 57. Kg5 Ne5 58. c5 Nf3+ 59. Kh6 Ng4# 0-1

[Event "Late-Titled-Tuesday-Blitz-February-20-2024"]
[Site "Chess.com"]
[Date "2024.02.20"]
[Round "5"]
[White "ArchibaldCerveza29"]
[Black "Ze-Pequeno"]
[Result "0-1"]
[WhiteElo "2429"]
[BlackElo "2243"]
[TimeControl "180+1"]
[EndTime "14:56:41 PST"]
[Termination "Ze-Pequeno won on time"]

1. e4 c5 2. Nf3 d6 3. d4 cxd4 4. Nxd4 Nf6 5. Nc3 a6 6. Be3 Ng4 7. Bc1 Nf6 8. f3 e6 9. Bc4 b5 10. Bb3 Bb7 11. Be3 Nbd7 12. Qe2 Nc5 13. O-O-O Qc7 14.
Kb1 Be7 15. a3 O-O 16. Ba2 Rfc8 17. g4 Nfd7 18. h4 Rab8 19. g5 Ba8 20. h5 b4 21.
axb4 Rxb4 22. Nb3 Ne5 23. Nxc5 dxc5 24. f4 Nc6 25. g6 Rcb8 26. gxf7+ Kh8 27. b3 c4 28. Bc1 cxb3 29. cxb3 Nd4 30. Rxd4 Rxd4 31. Bb2 Bb4 32. Rc1 Qxf7 33. Nd5 Rd2 34. Qxa6 Rxb2+ 35. Kxb2 exd5 36. Rc8+ Rxc8 37. Qxc8+ Qf8 38. Qxf8+ Bxf8 39. e5 Bb4 40. Kc2 Kg8 41. Kd3 Kf7 42. Kd4 Ke6 43.
Bb1 h6 44. f5+ Ke7 45. Bd3 Ba3 46. e6 Kd6 47. Bb5 Bb2+ 48. Ke3 Bf6 49. Be8 Kc5 50. Kd3 Bb7 51. Bf7 Ba6+ 52. Kc2 Be2 53. Kd2 Bg4 54. Bg6 Bf3 55. Kd3 Be4+ 56. Kd2 d4 57.
Ke2 Bg5 58. Kd1 d3 59. f6 Bf3+ 60. Ke1 d2+ 61. Kf2 Bxf6 0-1